| TOP OF THE 1ST |
|
Oklahoma City Dodgers batting - Pitching for Sacramento River Cats : RHP Pat Wiggins
|
|
Pitching: RHP Pat Wiggins
|
|
|
Batting: LHB Tony Morales
|
0-0: Ball 1-0: Foul Ball, location: 2F 1-1: Ball 2-1: Foul Ball, location: 2F 2-2: Ground out U3 (Groundball, 34, EV 111.2 MPH)
|
|
Batting: RHB Wing-kit Bu
|
0-0: Ball 1-0: Ball 2-0: Ball 3-0: Swinging Strike 3-1: Called Strike 3-2: DOUBLE (Line Drive, 8LXD, EV 111.2 MPH)
|
|
Batting: LHB Jose Robles
|
0-0: Called Strike Wing-kit Bu steals 3rd base 0-1: Swinging Strike 0-2: Ball 1-2: Ball 2-2: Ball 3-2: Foul Ball, location: 2F 3-2: Base on Balls
|
|
Batting: LHB Steve Pond
|
0-0: Ball 1-0: Ball 2-0: Foul Ball, location: 2F 2-1: Foul Ball, location: 2F 2-2: Grounds into double play, 4-6-3 (Groundball, 4, EV 90.0 MPH)
|
| Top of the 1st over - 0 runs, 1 hit, 0 errors, 1 left on base; Oklahoma City 0 - Sacramento 0 |
| BOTTOM OF THE 1ST |
|
Sacramento River Cats batting - Pitching for Oklahoma City Dodgers : RHP Mike Zimmerly
|
|
Pitching: RHP Mike Zimmerly
|
|
|
Batting: LHB Ryan Braden
|
0-0: Ball 1-0: Foul Ball, location: 2F 1-1: Ball 2-1: TRIPLE (Flyball, 78XD, EV 110.6 MPH)
|
|
Batting: RHB Bill Defazio
|
0-0: Swinging Strike 0-1: Ball 1-1: Swinging Strike 1-2: Strikes out looking
|
|
Batting: LHB Mason Duffy
|
0-0: Called Strike 0-1: Foul Ball, location: 2F 0-2: Ball 1-2: Foul Ball, location: 2F 1-2: Foul Ball, location: 2F 1-2: Strikes out swinging
|
|
Batting: LHB Willie Ceniceros
|
0-0: Ball 1-0: Ball 2-0: Ball 3-0: Base on Balls
|
|
Batting: RHB Brian Rogers
|
0-0: Fly out, F5 (Popup, 25F, EV 86.9 MPH)
|
| Bottom of the 1st over - 0 runs, 1 hit, 0 errors, 2 left on base; Oklahoma City 0 - Sacramento 0 |
| TOP OF THE 2ND |
|
Oklahoma City Dodgers batting - Pitching for Sacramento River Cats : RHP Pat Wiggins
|
|
Batting: RHB Curt Earnest
|
0-0: Ball 1-0: Ball 2-0: Ground out 4-3 (Groundball, 4, EV 110.0 MPH)
|
|
Batting: RHB Theo Schepers
|
0-0: Ball 1-0: Ball 2-0: SINGLE (Flyball, 78S, EV 92.5 MPH)
|
|
Batting: RHB Carlos Talavera
|
0-0: Called Strike Theo Schepers steals 2nd base 0-1: Ball 1-1: Ball 2-1: Ground out 6-3 (Groundball, 6, EV 83.1 MPH) Theo Schepers to third
|
|
Batting: LHB Chris Raymond
|
0-0: SINGLE (Groundball, 6S, EV 70.6 MPH) (infield hit) Theo Schepers scores
|
|
Batting: LHB Darrell Ortega
|
0-0: Ball 1-0: Swinging Strike 1-1: Ball 2-1: Foul Ball, location: 2F 2-2: Ball 3-2: Ground out 4-3 (Groundball, 4, EV 81.2 MPH)
|
| Top of the 2nd over - 1 run, 2 hits, 0 errors, 1 left on base; Oklahoma City 1 - Sacramento 0 |
| BOTTOM OF THE 2ND |
|
Sacramento River Cats batting - Pitching for Oklahoma City Dodgers : RHP Mike Zimmerly
|
|
Batting: RHB Dave Crouch
|
0-0: Called Strike 0-1: Ball 1-1: Foul Ball, location: 2F 1-2: Foul Ball, location: 2F 1-2: Foul Ball, location: 2F 1-2: Ball 2-2: Strikes out swinging
|
|
Batting: RHB Doug Kennie
|
0-0: Ball 1-0: Foul Ball, location: 2F 1-1: Foul Ball, location: 2F 1-2: Foul Ball, location: 2F 1-2: Foul Ball, location: 2F 1-2: Strikes out swinging
|
|
Batting: RHB Justin Baldwin
|
0-0: Ball 1-0: Called Strike 1-1: Ball 2-1: Foul Ball, location: 2F 2-2: Strikes out swinging
|
| Bottom of the 2nd over - 0 runs, 0 hits, 0 errors, 0 left on base; Oklahoma City 1 - Sacramento 0 |
| TOP OF THE 3RD |
|
Oklahoma City Dodgers batting - Pitching for Sacramento River Cats : RHP Pat Wiggins
|
|
Batting: LHB Tony Morales
|
0-0: Swinging Strike 0-1: Ball 1-1: Called Strike 1-2: Strikes out swinging
|
|
Batting: RHB Wing-kit Bu
|
0-0: Ball 1-0: Called Strike 1-1: Ground out 4-3 (Groundball, 4, EV 103.1 MPH)
|
|
Batting: LHB Jose Robles
|
0-0: Foul Ball, location: 2F 0-1: Swinging Strike 0-2: Ball 1-2: Ball 2-2: Ground out 4-3 (Groundball, 34D, EV 80.0 MPH)
|
| Top of the 3rd over - 0 runs, 0 hits, 0 errors, 0 left on base; Oklahoma City 1 - Sacramento 0 |
| BOTTOM OF THE 3RD |
|
Sacramento River Cats batting - Pitching for Oklahoma City Dodgers : RHP Mike Zimmerly
|
|
Batting: RHB Matt Shepard
|
0-0: Called Strike 0-1: Foul Ball, location: 2F 0-2: Ball 1-2: Foul Ball, location: 2F 1-2: Strikes out looking
|
|
Batting: LHB Ryan Braden
|
0-0: Foul Ball, location: 2F 0-1: Foul Ball, location: 2F 0-2: SOLO HOME RUN (Flyball, 9D, EV 102.5 MPH), Distance : 396 ft
|
|
Batting: RHB Bill Defazio
|
0-0: Ball 1-0: Ball 2-0: Called Strike 2-1: Ground out 6-3 (Groundball, 6, EV 100.6 MPH)
|
|
Batting: LHB Mason Duffy
|
0-0: Ball 1-0: Foul Ball, location: 2F 1-1: Ground out 1-3 (Groundball, P, EV 76.2 MPH)
|
| Bottom of the 3rd over - 1 run, 1 hit, 0 errors, 0 left on base; Oklahoma City 1 - Sacramento 1 |
| TOP OF THE 4TH |
|
Oklahoma City Dodgers batting - Pitching for Sacramento River Cats : RHP Pat Wiggins
|
|
Batting: LHB Steve Pond
|
0-0: Swinging Strike 0-1: Swinging Strike 0-2: Strikes out swinging
|
|
Batting: RHB Curt Earnest
|
0-0: Called Strike 0-1: Foul Ball, location: 2F 0-2: Strikes out looking
|
|
Batting: RHB Theo Schepers
|
0-0: Swinging Strike 0-1: Ball 1-1: SINGLE (Line Drive, 7S, EV 94.4 MPH)
|
|
Batting: RHB Carlos Talavera
|
0-0: Called Strike 0-1: Called Strike 0-2: Ground out 4-3 (Groundball, 34, EV 85.6 MPH)
|
| Top of the 4th over - 0 runs, 1 hit, 0 errors, 1 left on base; Oklahoma City 1 - Sacramento 1 |
| BOTTOM OF THE 4TH |
|
Sacramento River Cats batting - Pitching for Oklahoma City Dodgers : RHP Mike Zimmerly
|
|
Batting: LHB Willie Ceniceros
|
0-0: Called Strike 0-1: Swinging Strike 0-2: Foul Ball, location: 2F 0-2: Foul Ball, location: 2F 0-2: Foul Ball, location: 2F 0-2: SINGLE (Groundball, 34D, EV 101.2 MPH)
|
|
Batting: RHB Brian Rogers
|
0-0: Foul Ball, location: 2F 0-1: Ball 1-1: Grounds into double play, 5-4-3 (Groundball, 5S, EV 86.2 MPH)
|
|
Batting: RHB Dave Crouch
|
0-0: Ball 1-0: Called Strike 1-1: Ball 2-1: Ball 3-1: Swinging Strike 3-2: Fly out, F7 (Flyball, 7D, EV 90.6 MPH)
|
| Bottom of the 4th over - 0 runs, 1 hit, 0 errors, 0 left on base; Oklahoma City 1 - Sacramento 1 |
| TOP OF THE 5TH |
|
Oklahoma City Dodgers batting - Pitching for Sacramento River Cats : RHP Pat Wiggins
|
|
Batting: LHB Chris Raymond
|
0-0: Ball 1-0: Ball 2-0: Foul Ball, location: 2F 2-1: Ball 3-1: Foul Ball, location: 2F 3-2: Fly out, F9 (Line Drive, 9D, EV 94.4 MPH)
|
|
Batting: LHB Darrell Ortega
|
0-0: Fly out, F9 (Flyball, 89M, EV 67.5 MPH)
|
|
Batting: LHB Tony Morales
|
0-0: Ball 1-0: Ball 2-0: Called Strike 2-1: Foul Ball, location: 2F 2-2: Ground out 4-3 (Groundball, 4, EV 85.0 MPH)
|
| Top of the 5th over - 0 runs, 0 hits, 0 errors, 0 left on base; Oklahoma City 1 - Sacramento 1 |
| BOTTOM OF THE 5TH |
|
Sacramento River Cats batting - Pitching for Oklahoma City Dodgers : RHP Mike Zimmerly
|
|
Batting: RHB Doug Kennie
|
0-0: Ball 1-0: Ball 2-0: Ball 3-0: Base on Balls
|
|
Batting: RHB Justin Baldwin
|
0-0: Ball 1-0: Ball 2-0: Ground out U3 (Groundball, 34S, EV 87.5 MPH) Doug Kennie to second
|
|
Batting: RHB Matt Shepard
|
0-0: Swinging Strike 0-1: Ball 1-1: Foul Ball, location: 2F 1-2: Ball 2-2: Strikes out swinging
|
|
Batting: LHB Ryan Braden
|
0-0: Ball 1-0: Ball 2-0: Foul Ball, location: 2F 2-1: Ground out 3-1 (Groundball, 34S, EV 80.6 MPH)
|
| Bottom of the 5th over - 0 runs, 0 hits, 0 errors, 1 left on base; Oklahoma City 1 - Sacramento 1 |
| TOP OF THE 6TH |
|
Oklahoma City Dodgers batting - Pitching for Sacramento River Cats : RHP Pat Wiggins
|
|
Batting: RHB Wing-kit Bu
|
0-0: Called Strike 0-1: Called Strike 0-2: Ball 1-2: SINGLE (Line Drive, 6D, EV 110.0 MPH)
|
|
Batting: LHB Jose Robles
|
0-0: Called Strike Wing-kit Bu is caught stealing 2nd base 2-6 0-1: Ball 1-1: Ground out 4-3 (Groundball, 4, EV 103.8 MPH)
|
|
Batting: LHB Steve Pond
|
0-0: Foul Ball, location: 2F 0-1: Ball 1-1: Ball 2-1: Ball 3-1: Foul Ball, location: 2F 3-2: Fly out, F9 (Line Drive, 9LM, EV 89.4 MPH)
|
| Top of the 6th over - 0 runs, 1 hit, 0 errors, 0 left on base; Oklahoma City 1 - Sacramento 1 |
| BOTTOM OF THE 6TH |
|
Sacramento River Cats batting - Pitching for Oklahoma City Dodgers : RHP Mike Zimmerly
|
|
Batting: RHB Bill Defazio
|
0-0: Called Strike 0-1: Ball 1-1: Ball 2-1: Swinging Strike 2-2: Fly out, F4 (Popup, 34S, EV 86.9 MPH)
|
|
Batting: LHB Mason Duffy
|
0-0: Called Strike 0-1: Foul Ball, location: 2F 0-2: Ball 1-2: Foul Ball, location: 2F 1-2: Ground out 1-3 (Groundball, 15S, EV 65.6 MPH)
|
|
Batting: LHB Willie Ceniceros
|
0-0: Ball 1-0: Ball 2-0: Fly out, F8 (Flyball, 8LD, EV 94.4 MPH)
|
| Bottom of the 6th over - 0 runs, 0 hits, 0 errors, 0 left on base; Oklahoma City 1 - Sacramento 1 |
| TOP OF THE 7TH |
|
Oklahoma City Dodgers batting - Pitching for Sacramento River Cats : RHP Pat Wiggins
|
|
Batting: RHB Curt Earnest
|
0-0: Fly out, F8 (Flyball, 8LM, EV 91.9 MPH)
|
|
Batting: RHB Theo Schepers
|
0-0: Ball 1-0: Ball 2-0: Swinging Strike 2-1: Foul Ball, location: 2F 2-2: Ball 3-2: Fly out, F5 (Line Drive, 5L, EV 73.8 MPH)
|
|
Batting: RHB Carlos Talavera
|
0-0: Called Strike 0-1: Fly out, F8 (Flyball, 8LD, EV 83.1 MPH)
|
| Top of the 7th over - 0 runs, 0 hits, 0 errors, 0 left on base; Oklahoma City 1 - Sacramento 1 |
| BOTTOM OF THE 7TH |
|
Sacramento River Cats batting - Pitching for Oklahoma City Dodgers : RHP Mike Zimmerly
|
|
Pitching: RHP Takashi Kashiwabara
|
|
|
Batting: RHB Brian Rogers
|
0-0: Swinging Strike 0-1: Called Strike 0-2: Ball 1-2: Strikes out swinging
|
|
Batting: RHB Dave Crouch
|
0-0: Swinging Strike 0-1: Ball 1-1: Ball 2-1: Ball 3-1: Foul Ball, location: 2F 3-2: Strikes out swinging
|
|
Batting: RHB Doug Kennie
|
0-0: Ball 1-0: Foul Ball, location: 2F 1-1: Called Strike 1-2: Fly out, F9 (Flyball, 9D, EV 106.2 MPH)
|
| Bottom of the 7th over - 0 runs, 0 hits, 0 errors, 0 left on base; Oklahoma City 1 - Sacramento 1 |
| TOP OF THE 8TH |
|
Oklahoma City Dodgers batting - Pitching for Sacramento River Cats : RHP Pat Wiggins
|
|
Pitching: LHP Adam Ody
|
|
|
Batting: LHB Chris Raymond
|
0-0: Ball 1-0: Called Strike 1-1: Swinging Strike 1-2: Ball 2-2: Strikes out looking
|
|
Batting: LHB Darrell Ortega
|
0-0: Called Strike 0-1: Ground out 1-3 (Groundball, 13S, EV 67.5 MPH)
|
|
Batting: LHB Tony Morales
|
0-0: Called Strike 0-1: Called Strike 0-2: Ball 1-2: Ball 2-2: Foul Ball, location: 2F 2-2: Ground out 4-3 (Groundball, 4, EV 84.4 MPH)
|
| Top of the 8th over - 0 runs, 0 hits, 0 errors, 0 left on base; Oklahoma City 1 - Sacramento 1 |
| BOTTOM OF THE 8TH |
|
Sacramento River Cats batting - Pitching for Oklahoma City Dodgers : RHP Takashi Kashiwabara
|
|
Batting: RHB Justin Baldwin
|
0-0: Called Strike 0-1: Ball 1-1: Called Strike 1-2: Ball 2-2: Ball 3-2: Strikes out swinging
|
|
Batting: RHB Matt Shepard
|
0-0: Ball 1-0: Ball 2-0: Called Strike 2-1: Foul Ball, location: 2F 2-2: Ground out 6-3 (Groundball, 6, EV 78.8 MPH)
|
|
Batting: LHB Ryan Braden
|
0-0: Ball 1-0: Ball 2-0: Ball 3-0: SINGLE (Groundball, 4D, EV 101.9 MPH)
|
|
Batting: RHB Bill Defazio
|
0-0: Ball 1-0: Ball 2-0: Swinging Strike Pickoff Throw to First - Out! 1-3
|
| Bottom of the 8th over - 0 runs, 1 hit, 0 errors, 0 left on base; Oklahoma City 1 - Sacramento 1 |
| TOP OF THE 9TH |
|
Oklahoma City Dodgers batting - Pitching for Sacramento River Cats : LHP Adam Ody
|
|
Pitching: RHP Takashi Kino
|
|
|
Batting: RHB Wing-kit Bu
|
0-0: Called Strike 0-1: Ground out 6-3 (Groundball, 6, EV 88.8 MPH)
|
|
Batting: LHB Jose Robles
|
0-0: Swinging Strike 0-1: Ground out 6-3 (Groundball, 6M, EV 98.1 MPH)
|
|
Batting: LHB Steve Pond
|
0-0: Called Strike 0-1: Ball 1-1: Ball 2-1: Ground out 1-3 (Groundball, 13S, EV 69.4 MPH)
|
| Top of the 9th over - 0 runs, 0 hits, 0 errors, 0 left on base; Oklahoma City 1 - Sacramento 1 |
| BOTTOM OF THE 9TH |
|
Sacramento River Cats batting - Pitching for Oklahoma City Dodgers : RHP Takashi Kashiwabara
|
|
Batting: RHB Bill Defazio
|
0-0: Ball 1-0: Swinging Strike 1-1: Ground out U3 (Groundball, 34S, EV 80.6 MPH)
|
|
Batting: LHB Mason Duffy
|
0-0: Ball 1-0: Swinging Strike 1-1: Called Strike 1-2: SINGLE (Groundball, 4S, EV 74.4 MPH) (infield hit)
|
|
Batting: LHB Willie Ceniceros
|
0-0: Ball 1-0: Foul Ball, location: 2F 1-1: Swinging Strike 1-2: Ball 2-2: Ball 3-2: Base on Balls Mason Duffy to second
|
|
Batting: RHB Brian Rogers
|
0-0: Called Strike 0-1: Foul Ball, location: 2F 0-2: Ball 1-2: Strikes out looking
|
|
Batting: RHB Dave Crouch
|
0-0: Ball 1-0: Fielders Choice at 2nd, 6-4 (Groundball, 6, EV 78.8 MPH)
|
| Bottom of the 9th over - 0 runs, 1 hit, 0 errors, 2 left on base; Oklahoma City 1 - Sacramento 1 |
| TOP OF THE 10TH |
|
Oklahoma City Dodgers batting - Pitching for Sacramento River Cats : RHP Takashi Kino
|
|
Batting: RHB Curt Earnest
|
0-0: Ball 1-0: Swinging Strike 1-1: Foul Ball, location: 2F 1-2: Strikes out swinging
|
|
Batting: RHB Theo Schepers
|
0-0: Called Strike 0-1: Ball 1-1: Ball 2-1: DOUBLE (Line Drive, 78XD, EV 96.2 MPH)
|
|
Batting: RHB Carlos Talavera
|
0-0: Ball 1-0: Foul Ball, location: 2F 1-1: Reached on error, E4 (Groundball, 4S, EV 85.0 MPH) Theo Schepers scores
|
|
Batting: LHB Chris Raymond
|
0-0: SINGLE (Groundball, 4MD, EV 97.5 MPH) Carlos Talavera to third
|
|
Batting: LHB Darrell Ortega
|
0-0: Called Strike 0-1: Ball Chris Raymond is caught stealing 2nd base 2-6 1-1: Swinging Strike 1-2: Ball 2-2: Foul Ball, location: 2F 2-2: Ground out 6-3 (Groundball, 56, EV 78.8 MPH)
|
| Top of the 10th over - 1 run, 2 hits, 1 error, 1 left on base; Oklahoma City 2 - Sacramento 1 |
| BOTTOM OF THE 10TH |
|
Sacramento River Cats batting - Pitching for Oklahoma City Dodgers : RHP Takashi Kashiwabara
|
|
Pitching: RHP Juan Hurtado
|
|
|
Now at 1B: Robin More
|
|
|
Batting: RHB Doug Kennie
|
0-0: Ball 1-0: Called Strike 1-1: Ball 2-1: Ball 3-1: Base on Balls
|
|
Batting: RHB Justin Baldwin
|
0-0: Called Strike 0-1: Ball 1-1: Called Strike 1-2: Strikes out swinging
|
|
Batting: RHB Matt Shepard
|
0-0: Fly out, F8 (Flyball, 8RD, EV 88.1 MPH)
|
|
Batting: LHB Ryan Braden
|
0-0: Called Strike 0-1: Foul Ball, location: 2F 0-2: Ball 1-2: Ball 2-2: Ball 3-2: Strikes out swinging
|
| Bottom of the 10th over - 0 runs, 0 hits, 0 errors, 1 left on base; Oklahoma City 2 - Sacramento 1 |
|